 Dungeon Crawl Stone Soup version 0.30-a0-364-gf6b3ef1049 (webtiles) character file.

Game seed: 15267933825853563579

3661 purpskrrrp the Cleaver (level 9, -4/106 HPs)
             Began as a Demonspawn Fighter on Nov 15, 2022.
             Was an Initiate of Gozag.
             Slain by a manticore (14 damage)
             ... on level 8 of the Dungeon.
             The game lasted 00:16:20 (7413 turns).

purpskrrrp the Cleaver (Demonspawn Fighter)         Turns: 7413, Time: 00:16:21

Health: -4/106     AC: 13    Str: 28    XL:     9   Next: 89%
Magic:  0/9        EV:  9    Int:  9    God:    Gozag
Gold:   252        SH:  8    Dex: 12    Spells: 8/8 levels left

rFire   + . .      SeeInvis .    f - +7 broad axe of Tirgho {vorpal, rElec rF+ Will+}
rCold   . . .      Faith    .    c - +0 buckler
rNeg    . . .      Spirit   +    b - +0 scale mail
rPois   +          Reflect  .    (helmet restricted)
rElec   +          Harm     .    u - +0 cloak {rPois}
rCorr   +          Rampage  .    d - +0 pair of gloves
Will    +....                    (no boots)
Stlth   ..........               (no amulet)
HPRegen 0.37/turn                l - +6 ring of strength
MPRegen 0.22/turn                r - ring of resist corrosion

@: berserking (expiring), spiked, gold aura, very quick
A: antennae 1, icy blue scales 2, magic shield, magic regeneration, condensation
shield
a: Renounce Religion, Potion Petition, Call Merchant, Bribe Branch


You were on level 8 of the Dungeon.
You worshipped Gozag.
Gozag was aware of your devotion.
You visited 2 branches of the dungeon, and saw 9 of its levels.

You collected 1032 gold pieces.
You paid 780 gold pieces to Gozag.

Inventory:

Hand Weapons
 a - a +1 war axe
 f - the +7 broad axe of Tirgho (weapon) {vorpal, rElec rF+ Will+}
   (You acquired it on level 1 of the Dungeon)

   It inflicts extra damage upon your enemies.
   rF:        It protects you from fire.
   rElec:     It insulates you from electricity.
   Will:      It increases your willpower.
 v - a +4 quarterstaff of chaos
Missiles
 p - 2 throwing nets (quivered)
Armour
 b - a +0 scale mail (worn)
 c - a +0 buckler (worn)
 d - a +0 pair of gloves (worn)
 t - a +0 cloak
 u - a +0 cloak of poison resistance (worn)
Jewellery
 l - a +6 ring of strength (left hand)
 r - a ring of resist corrosion (right hand)
Wands
 g - a wand of digging (5)
 z - a wand of light (9)
Scrolls
 e - 2 scrolls of enchant weapon
 i - a scroll of summoning
 j - a scroll of immolation
 w - a scroll of teleportation
 y - a scroll of silence
Potions
 h - 2 potions of degeneration
 k - 5 potions of curing
 n - a potion of cancellation
 o - a potion of heal wounds
 q - 2 potions of flight
 s - a potion of attraction
 x - a potion of mutation {unknown}
 A - a potion of brilliance {unknown}


   Skills:
 + Level 6.5 Fighting
 + Level 10.8 Axes
 + Level 6.0 Armour
 - Level 2.6 Shields


You had 8 spell levels left.
You didn't know any spells.
Your spell library contained the following spells:

 Spells                   Type           Power      Damage    Failure   Level
 Apportation              Tloc           0%         N/A       73%         1
 Beastly Appendage        Tmut           0%         N/A       73%         1
 Necrotise                Necr           0%         1d4       73%         1
 Summon Small Mammal      Summ           0%         N/A       73%         1
 Ensorcelled Hibernation  Hex/Ice        0%         N/A       86%         2
 Passwall                 Tmut/Erth      0%         N/A       86%         2
 Wereblood                Tmut           0%         N/A       86%         2
 Spider Form              Tmut/Pois      0%         N/A       97%         3
 Swiftness                Air            0%         N/A       97%         3
 Olgreb's Toxic Radiance  Pois           0%         N/A       100%        4
 Ozocubu's Refrigeration  Ice            0%         4d7       100%        7
 Ignition                 Fire           0%         3d3       100%        8


Dungeon Overview and Level Annotations

Branches:
Dungeon (8/15)             Temple (1/1) D:4            Lair (0/5) D:8

Altars:
Ashenzari
Cheibriados
Dithmenos
Fedhas
Gozag
Hepliaklqana
Kikubaaqudgha
Makhleb
Nemelex Xobeh
Qazlal
Ru
Sif Muna
Trog
Uskayaw
Vehumet
Wu Jian
Xom
Yredelemnul

Shops:
D:6 *

Annotations:
D:7 2 runed translucent doors


Innate Abilities, Weirdness & Mutations

You have a pair of small antennae on your head.
You are mostly covered in icy blue scales. (AC +3)
When hurt, damage is shared between your health and your magic reserves.
You regenerate magic rapidly.
A meltable shield of frost defends you. (SH +4)


Message History

The manticore bites you. The manticore barely misses you.
The manticore claws you.
* * * LOW HITPOINT WARNING * * *
The manticore flicks its tail.
The volley of spikes hits you!
The barbed spikes become lodged in your body.
* * * LOW HITPOINT WARNING * * *
The slime creature quivers.
You slice the manticore!!
You kill the manticore!
Your Armour skill increases to level 6!
The barbs in your skin will harm you if you move.
Continue?
The barbed spikes dig painfully into your body as you move.
* * * LOW HITPOINT WARNING * * *
You feel a strong urge to attack something.
The manticore is distracted by your dazzling golden aura.
Things that are here:
6 gold pieces; a +0 dagger You slash the manticore!
The manticore is no longer distracted by gold.
The manticore is moderately wounded.
You slash the manticore!
The manticore is heavily wounded.
The slime creature is no longer distracted by gold.
The manticore bites you.
* * * LOW HITPOINT WARNING * * *
The manticore claws you.
* * * LOW HITPOINT WARNING * * *
You block the manticore's attack.
You hit the manticore.
The manticore is heavily wounded.
The manticore bites you but does no damage.
The manticore claws you.
* * * LOW HITPOINT WARNING * * *
The manticore claws you but does no damage.
You barely miss the manticore.
The manticore is heavily wounded.
The manticore bites you!
You die...
Your body crumbles into a pile of gold.

.#.#.###......#
###.####.......#
....⌠............
.####.####........
###J#.#.###......#
###.##.##.###.....#
....###.###..H....#
.....##...##$@.#...#
......#.....#.$....#
#.............$##..##
...............# ###
..............##
..............#
.............##
............##
#...........#


You could see a slime creature and a manticore.

Vanquished Creatures
  2 manticores (D:8)
  Grinder (D:4)
  Menkaure (D:7)
  Edmund (D:5)
  An ice beast (D:8)
  4 black bears
  An ogre (D:6)
  A centaur (D:8)
  4 bullfrogs
  A gnoll sergeant (D:7)
  2 scorpions
  4 wights (D:7)
  5 howler monkeys
  2 hounds
  Crazy Yiuf (D:4)
  A jelly (D:3)
  8 orc priests
  3 gnoll boudas
  2 iguanas
  5 orc wizards
  21 gnolls
  8 adders
  2 shadow imps (D:5)
  A white imp (D:7)
  An ufetubus (D:6)
  2 worms
  5 dart slugs
  30 orcs
  9 endoplasms
  7 giant cockroaches
  5 goblins
  5 hobgoblins
  6 kobolds
  6 quokkas
  6 ball pythons
  6 bats
  4 frilled lizards
  9 rats
183 creatures vanquished.

Vanquished Creatures (others)
  An orc wizard (D:4)
  2 withered plants (D:1)
3 creatures vanquished.

Grand Total: 186 creatures vanquished

Notes
Turn   | Place    | Note
-------+----------+-------------------------------------------
     0 | D:1      | purpskrrrp the Demonspawn Fighter began the quest for the
                  | Orb.
     0 | D:1      | Reached XP level 1. HP: 18/18 MP: 1/1
    45 | D:1      | Reached skill level 2 in Axes
   137 | D:1      | Gained mutation: You regenerate magic rapidly. [demonic
                  | ancestry]
   137 | D:1      | Reached XP level 2. HP: 12/24 MP: 2/2
   261 | D:1      | Identified a scroll of acquirement
   261 | D:1      | Acquired the +7 broad axe of Tirgho {vorpal, rElec rF+
                  | Will+}
   306 | D:1      | Reached skill level 3 in Axes
   306 | D:1      | Found a faded altar of an unknown god.
   458 | D:1      | Gained mutation: You have a pair of small antennae on your
                  | head. [demonic ancestry]
   458 | D:1      | Reached XP level 3. HP: 29/29 MP: 3/3
   847 | D:2      | Reached skill level 4 in Axes
   847 | D:2      | Gained mutation: You are partially covered in icy blue
                  | scales. (AC +2) [demonic ancestry]
   847 | D:2      | Reached XP level 4. HP: 20/35 MP: 4/4
  1005 | D:2      | You fall into a shaft and drop 2 floors!
  1182 | D:4      | Found a staircase to the Ecumenical Temple.
  1248 | D:4      | Noticed a bullfrog
  1254 | D:4      | Killed a bullfrog
  1255 | D:4      | Gained mutation: You are mostly covered in icy blue scales.
                  | (AC +3) [demonic ancestry]
  1255 | D:4      | Reached XP level 5. HP: 36/41 MP: 5/5
  1282 | Temple   | Entered the Ecumenical Temple
  1488 | Temple   | Became a worshipper of Gozag Ym Sagoz the Greedy
  1519 | D:4      | Found a burning altar of Makhleb.
  1542 | D:4      | Reached skill level 5 in Axes
  1558 | D:4      | You fall into a shaft and drop 3 floors!
  1700 | D:7      | Reached XP level 6. HP: 23/47 MP: 6/6
  1710 | D:7      | Reached skill level 6 in Axes
  1803 | D:5      | Entered Level 5 of the Dungeon
  1803 | D:5      | Noticed Edmund
  1817 | D:5      | Killed Edmund
  1818 | D:5      | Reached skill level 7 in Axes
  1818 | D:5      | Gained mutation: A meltable shield of frost defends you.
                  | (SH +4) [demonic ancestry]
  1818 | D:5      | Reached XP level 7. HP: 32/52 MP: 7/7
  1902 | D:3      | Found a basalt altar of Yredelemnul.
  3141 | D:3      | Found a hazy altar of Hepliaklqana.
  3922 | D:4      | Reached skill level 8 in Axes
  4083 | D:4      | Noticed Grinder
  4086 | D:4      | Killed Grinder
  4177 | D:4      | Gained mutation: When hurt, damage is shared between your
                  | health and your magic reserves. [demonic ancestry]
  4177 | D:4      | Reached XP level 8. HP: 58/58 MP: 8/8
  4356 | D:4      | Found a shimmering blue altar of Sif Muna.
  4559 | D:4      | Found a runed translucent door.
  4560 | D:4      | Noticed Crazy Yiuf
  4599 | D:4      | Found a blossoming altar of Fedhas.
  4690 | D:4      | Reached skill level 9 in Axes
  4965 | D:4      | Killed Crazy Yiuf
  5095 | D:5      | Found a sparkling altar of Nemelex Xobeh.
  6302 | D:6      | Reached XP level 9. HP: 61/66 MP: 7/9
  6348 | D:7      | Reached skill level 10 in Axes
  6522 | D:7      | Found a large runed translucent door.
  6523 | D:7      | Found a large runed translucent door.
  6548 | D:7      | Noticed Menkaure
  6560 | D:7      | Killed Menkaure
  6561 | D:7      | Reached skill level 5 in Fighting
  6668 | D:7      | Found a radiant altar of Vehumet.
  6998 | D:8      | Found an ornate altar of the Wu Jian Council.
  7076 | D:8      | Reached skill level 5 in Armour
  7173 | D:8      | Noticed a manticore
  7187 | D:8      | Killed a manticore
  7320 | D:8      | Found a staircase to the Lair.
  7392 | D:8      | Noticed a manticore
  7399 | D:8      | Noticed a manticore
  7407 | D:8      | Killed a manticore
  7413 | D:8      | Slain by a manticore

Illustrated notes

Levels and vault maps discovered:
D:1:      scummos_arrival_hexagon, layout_basic,
          ebering_ecumenical_altar_petrified
D:2:      layout_loops_corners, minmay_misc_feat_plants,
          corexii_item_surrounded_by_moat, minmay_vboxes
D:3:      layout_basic, lemuel_tele_altar, general_overflow_altar,
          dreamdust_princess_bridge
D:4:      layout_layer_cave, nicolae_overflow_crystal_walls, tgw_sif,
          mainiacjoe_overflow_small_starburst, minmay_temple_entry_overgrown,
          uniq_crazy_yiuf_cottage, uniq_grinder
D:5:      layout_rooms, nicolae_overflow_hidden_temple, serial_corexii_hall,
          chequers_hall_statues_corner_a, chequers_hall_statues_y,
          chequers_hall_statues_corner_a, nicolae_ossuary_entry_plus,
          uniq_edmund
D:6:      layout_loops_ring
D:7:      layout_rooms, mainiacjoe_overflow_boulevard, jmf_multi_god_temple2,
          uniq_menkaure
D:8:      layout_cave_pods, nicolae_wu_jian_immortal_techniques,
          lair_entry_dummy, eino_small_chamber_without_monster, kb_rosetta
Temple:   hellmonk_temple_flake

Skill      XL: |  1  2  3  4  5  6  7  8  9 |
---------------+----------------------------+-----
Axes           | 2 3 4 5 7 8 9 10 | 10.8
Armour         | 4 6 |  6.0
Fighting       | 4 6 |  6.5
Shields        | |  2.6

Action                   |  1- 3 |  4- 6 |  7- 9 || total
-------------------------+-------+-------+-------++-------
Melee: War axe           |    33 |       |       ||    33
       Broad axe         |    46 |    65 |   239 ||   350
Invok: Call Merchant     |       |       |     1 ||     1
  Use: Scroll            |     2 |     3 |    16 ||    21
       Potion            |       |     4 |     3 ||     7
 Stab: Distracted        |       |       |     3 ||     3
Armor: Scale mail        |    37 |    21 |    98 ||   156
Dodge: Dodged            |    41 |    28 |    88 ||   157
Block: Buckler           |    11 |    15 |    94 ||   120

Table legend: (Time is in decaauts)
 A = Elapsed time spent in this place.
 B = Non-inter-level travel time spent in this place.
 C = Inter-level travel time spent in this place.
 D = Time resting spent in this place.
 E = Time spent auto-exploring this place.
 F = Levels seen in this place.
 G = Mean time per level.
                   A        B        C        D        E       F      G
               +--------+--------+--------+--------+--------+-----+--------+
         Total |   7491 |   7160 |    331 |    644 |   5271 |   9 |  832.3 |
       Dungeon |   7275 |   7003 |    272 |    644 |   5129 |   8 |  909.4 |
        Temple |    215 |    156 |     59 |      0 |    142 |   1 |  215.0 |
               +--------+--------+--------+--------+--------+-----+--------+

Top non-repeatable levels by time:
     D:4: 1541 daAuts
     D:2: 1327 daAuts
     D:3: 986 daAuts
     D:7: 862 daAuts
     D:1: 788 daAuts
     D:6: 683 daAuts
     D:5: 650 daAuts
     D:8: 434 daAuts
  Temple: 215 daAuts
